 Dungeon Crawl Stone Soup version 0.26.1-2-gb8aa6d0cf2 (webtiles) character file.

Game seed: 7009464805164933058

807 Lancroian the Conjurer (level 7, 0/36 HPs)
             Began as a Gargoyle Fire Elementalist on Mar 17, 2021.
             Was an Initiate of Vehumet.
             Slain by Grinder (8 damage)
             ... on level 5 of the Dungeon.
             The game lasted 00:47:04 (6133 turns).

Lancroian the Conjurer (Gargoyle Fire Elementalist) Turns: 6133, Time: 00:47:05

Health: 0/36       AC:  8    Str: 11    XL:     7   Next: 92%
Magic:  3/14       EV: 11    Int: 18    God:    Vehumet [......]
Gold:   256        SH:  0    Dex:  6    Spells: 8/16 levels left

rFire    . . .     SeeInvis .   i - +2 trident (venom)
rCold    . . .     Faith    .   (no shield)
rNeg     + . .     Spirit   .   a - +0 robe
rPois    ∞         Reflect  .   (no helmet)
rElec    +         Harm     .   (no cloak)
rCorr    .         Rampage  .   (no gloves)
Will     .....                  l - +1 pair of boots
Stlth    +.........             f - amulet of inaccuracy (curse)
HPRegen  0.12/turn              j - -4 ring of dexterity (curse)
MPRegen  0.14/turn              h - ring of poison resistance

@: about to teleport
A: negative energy resistance 1, electricity resistance, unbreathing,
petrification resistance, miasma immunity, AC +4
a: Renounce Religion


You were on level 5 of the Dungeon.
You worshipped Vehumet.
Vehumet was noncommittal.
You visited 2 branches of the dungeon, and saw 6 of its levels.

You collected 256 gold pieces.

Inventory:

Hand Weapons
 e - a +5 war axe
 i - a +2 trident of venom (weapon)
 o - a cursed +0 war axe
Armour
 a - a +0 robe (worn)
 l - a +1 pair of boots (worn)
 n - a +0 leather armour
Jewellery
 f - a cursed amulet of inaccuracy (around neck)
 h - a ring of poison resistance (right hand)
 j - a cursed -4 ring of dexterity (left hand)
Wands
 b - a wand of paralysis (9)
 d - a wand of iceblast (10)
Scrolls
 m - a scroll of enchant weapon
 q - a scroll of identify
 r - a scroll of amnesia
Potions
 g - a potion of mutation {unknown}
 k - a potion of haste {unknown}
 p - a potion of ambrosia {unknown}


   Skills:
 - Level 1.5 Dodging
 - Level 2.1 Stealth
 * Level 5.2 Spellcasting
 * Level 6.2 Conjurations
 + Level 4.5 Fire Magic


You had 8 spell levels left.
You knew the following spells:

 Your Spells              Type           Power        Failure   Level
a - Foxfire               Conj/Fire      96%          1%          1
b - Sticky Flame          Conj/Fire      24%          14%         4
c - Mephitic Cloud        Conj/Pois/Air  12%          17%         3

Your spell library contained the following spells:

 Spells                   Type           Power        Failure   Level
 Conjure Flame            Conj/Fire      24%          4%          3
 Sting                    Tmut/Pois      16%          13%         1
 Inner Flame              Hex/Fire       12%          16%         3
 Poisonous Vapours        Pois/Air       8%           21%         2
 Ignite Poison            Fire/Tmut/Pois 10%          22%         3
 Fireball                 Conj/Fire      12%          36%         5
 Olgreb's Toxic Radiance  Pois           4%           78%         4


Dungeon Overview and Level Annotations

Branches:
Dungeon (5/15)             Temple (1/1) D:4

Altars:
Cheibriados
Dithmenos
Fedhas
Gozag
Hepliaklqana
Okawaru
Ru
Sif Muna
Uskayaw
Vehumet
Wu Jian
Xom
Yredelemnul
Zin
The Shining One
Beogh

Annotations:
D:2 Terence
D:4 3 runed translucent doors
D:5 Grinder


Innate Abilities, Weirdness & Mutations

You are resistant to torment.
Your stone body is resilient. (AC +4)
You are immune to poison.
You resist negative energy. (rN+)
You are resistant to electric shocks. (rElec)
You can survive without breathing.
You are immune to petrification.
You are immune to miasma.


Message History

You conjure some foxfire!
Grinder barely misses you.
Your foxfire dissipates!
The foxfire hits Grinder.
Grinder is severely wounded.
Casting: Foxfire (safe; 1% risk of failure)
Confirm with . or Enter, or press ? or * to list all spells.
You conjure some foxfire!
Grinder hits you but does no damage.
Your foxfire dissipates!
Casting: Foxfire (safe; 1% risk of failure)
Confirm with . or Enter, or press ? or * to list all spells.
You conjure some foxfire!
Grinder hits you.
You writhe in agony.
Your foxfire dissipates!
Grinder gestures at you.
You suddenly lose the ability to move!
Grinder hits you.
* * * LOW HITPOINT WARNING * * *
You can move again.
As you read the scroll of teleportation, it crumbles to dust.
You feel strangely unstable. Grinder hits you!
You die...

##### ##### #...# #...#
#.#.############# #...#
###.#.............# #...#
..#.#.###########.# #...# ##
..#.#.###########.##### #...# #.
..+.#>(.((..c..(......###...# ##.
.c###.###########(###..##...###..
#...c..........5@(((........'....
############.#########.##..######
#.#.............# ##_#
#.#.########.#####8...
#.#.#####.......##....
#......#.......###†###8....
#.############## #..###.... ##.#
#8... #.###..(.


You could see Grinder.

Vanquished Creatures
  A sky beast (D:5)
  2 ogres
  A centaur (D:5)
  A big kobold (D:4)
  A bullfrog (D:5)
  An orc priest (D:3)
  A hound (D:5)
  A jelly (D:5)
  An iguana (D:4)
  2 worker ants
  An adder (D:3)
  4 gnolls (D:4)
  An ooze (D:3)
  An adder skeleton (D:4)
  3 worms
  2 dart slugs (D:1)
  3 leopard geckos
  12 orcs
  5 giant cockroaches
  8 goblins
  5 hobgoblins
  2 jackals (D:2)
  28 kobolds
  A quokka (D:3)
  A ball python (D:3)
  9 bats
  6 frilled lizards
  7 rats
111 creatures vanquished.

Vanquished Creatures (collateral kills)
  6 foxfires (D:4)
6 creatures vanquished.

Vanquished Creatures (others)
  362 foxfires
  49 plants (D:4)
411 creatures vanquished.

Grand Total: 528 creatures vanquished

Notes
Turn   | Place    | Note
-------+----------+-------------------------------------------
     0 | D:1      | Lancroian the Gargoyle Fire Elementalist began the quest
                  | for the Orb.
     0 | D:1      | Reached XP level 1. HP: 10/10 MP: 3/3
   217 | D:1      | Reached XP level 2. HP: 15/15 MP: 0/5
   401 | D:1      | Reached skill level 2 in Conjurations
   680 | D:1      | Reached XP level 3. HP: 18/19 MP: 3/6
  1182 | D:2      | Noticed Terence
  1372 | D:2      | Found a basalt altar of Yredelemnul.
  1592 | D:2      | Found an opulent altar of Gozag.
  1592 | D:2      | Found a glowing silver altar of Zin.
  1880 | D:2      | Reached skill level 3 in Conjurations
  2286 | D:3      | Reached XP level 4. HP: 24/24 MP: 0/8
  2301 | D:3      | Learned a level 4 spell: Sticky Flame
  2737 | D:3      | Reached XP level 5. HP: 28/28 MP: 4/9
  3370 | D:4      | Reached skill level 4 in Conjurations
  3446 | D:4      | Noticed a big kobold
  3455 | D:4      | Killed a big kobold
  3456 | D:4      | Reached XP level 6. HP: 32/32 MP: 0/11
  3754 | D:4      | Found a blossoming altar of Fedhas.
  3906 | D:4      | Learned a level 3 spell: Mephitic Cloud
  3916 | D:4      | Found a runed translucent gate.
  3919 | D:4      | Found a runed translucent gate.
  3919 | D:4      | Found a runed translucent gate.
  3926 | D:4      | Identified the +5 hand axe of Defence {vorpal, Int+2 Dex+8}
  4043 | D:4      | Found a shimmering altar of Xom.
  4080 | D:4      | Found a staircase to the Ecumenical Temple.
  4089 | Temple   | Entered the Ecumenical Temple
  4121 | Temple   | Became a worshipper of Vehumet
  4514 | D:4      | Reached skill level 5 in Conjurations
  4931 | D:4      | Found a roughly hewn altar of Beogh.
  5165 | D:5      | Entered Level 5 of the Dungeon
  5169 | D:5      | Reached XP level 7. HP: 36/36 MP: 9/13
  5248 | D:5      | HP: 1/36 [centaur/arrow (3)]
  5452 | D:5      | Found a hide-covered altar of Uskayaw.
  5926 | D:5      | Reached skill level 5 in Spellcasting
  5926 | D:5      | Reached skill level 6 in Conjurations
  6017 | D:5      | Found a sacrificial altar of Ru.
  6104 | D:5      | Noticed Grinder
  6117 | D:5      | Paralysed by Grinder for 4 turns
  6130 | D:5      | Paralysed by Grinder for 3 turns
  6133 | D:5      | Slain by Grinder

Illustrated notes

Levels and vault maps discovered:
D:1:      minmay_arrival_glassed_features, layout_basic, minmay_tromino_v4_c
D:2:      layout_basic, grunt_temple_overflow_gold_and_silver,
          marbit_many_paths, chequers_ecumenical_altar_lobes, uniq_terence
D:3:      layout_rooms, grunt_ministairs_5
D:4:      kennysheep_kobold_camp, layout_basic, lemuel_crystal_altar,
          lemuel_crystal_altar, minmay_temple_entry_waves,
          biasface_ghost_orc_armoury
D:5:      layout_basic, nicolae_overflow_hidden_temple, basic_altar,
          serial_shops, shop, small_statue_intersection, uniq_grinder
Temple:   nicolae_temple_elliptical

Skill      XL: |  1  2  3  4  5  6  7 |
---------------+----------------------+-----
Conjurations   | 2 3 4 5 6 |  6.2
Spellcasting   | 3 4 5 |  5.2
Fire Magic     | 4 |  4.5
Dodging        | |  1.5
Stealth        | |  2.1

Action                   |  1- 3 |  4- 6 |  7- 9 || total
-------------------------+-------+-------+-------++-------
Melee: Unarmed           |    17 |       |       ||    17
       Whip              |    29 |     2 |       ||    31
       Dagger            |     7 |       |       ||     7
       Trident           |       |    38 |    11 ||    49
 Cast: Foxfire           |    80 |   108 |    61 ||   249
  Use: Scroll            |     3 |     9 |     1 ||    13
       Potion            |       |     1 |     1 ||     2
Armor: Robe              |    24 |    16 |    18 ||    58
Dodge: Dodged            |    41 |    45 |    26 ||   112
